 Dungeon Crawl Stone Soup version 0.29.1-1-gd02db6906a (webtiles) character file.

Game seed: 10290280863572152491

25 MisterFreud the Covert (level 3, -3/35 HPs)
             Began as a Gnoll Delver on Oct 4, 2022.
             Slain by a hobgoblin (5 damage)
             ... led by Robin
             ... on level 3 of the Dungeon.
             The game lasted 00:00:52 (332 turns).

MisterFreud the Covert (Gnoll Delver)                Turns: 332, Time: 00:00:53

Health: -3/35      AC:  3    Str: 11    XL:     3   Next: 6%
Magic:  3/3        EV: 13    Int: 11    God:
Gold:   29         SH:  0    Dex: 13    Spells: 3/3 levels left

rFire   . . .      SeeInvis .   m - +1 dagger (drain)
rCold   . . .      Faith    .   (no shield)
rNeg    . . .      Spirit   .   b - +0 leather armour
rPois   .          Reflect  .   (no helmet)
rElec   .          Harm     .   (no cloak)
rCorr   .          Rampage  .   (no gloves)
Will    .....                   (no boots)
Stlth   ++++......              (no amulet)
HPRegen 0.11/turn               (no ring)
MPRegen 0.08/turn               (no ring)

@: no status effects
A: fangs 1, strong nose, distributed training
a: no special abilities


You were on level 3 of the Dungeon.
You visited 1 branch of the dungeon, and saw 3 of its levels.

You collected 29 gold pieces.

Inventory:

Hand Weapons
 a - a +0 short sword
 m - a +1 dagger of draining (weapon)
Missiles
 j - 6 atropa-tipped darts (quivered)
 l - 2 boomerangs
Armour
 b - a +0 leather armour (worn)
Wands
 g - a wand of digging (3)
Scrolls
 c - a scroll of fog
 d - a scroll of magic mapping
 e - a scroll of fear
Potions
 f - a potion of haste
 h - a potion of flight {unknown}
 i - a potion of heal wounds {unknown}
 k - a potion of invisibility {unknown}


   Skills:
 + Level 6.5 Fighting
 + Level 4.5 Short Blades
 + Level 0.6 Long Blades
 + Level 0.6 Axes
 + Level 0.6 Maces & Flails
 + Level 0.6 Polearms
 + Level 0.6 Staves
 + Level 0.6 Ranged Weapons
 + Level 0.6 Throwing
 + Level 0.6 Armour
 + Level 4.5 Dodging
 + Level 9.5 Stealth
 + Level 0.6 Shields
 + Level 0.6 Unarmed Combat
 + Level 0.6 Spellcasting
 + Level 0.4 Conjurations
 + Level 0.4 Hexes
 + Level 0.4 Summonings
 + Level 0.4 Necromancy
 + Level 0.4 Translocations
 + Level 0.4 Transmutations
 + Level 0.4 Fire Magic
 + Level 0.4 Ice Magic
 + Level 0.4 Air Magic
 + Level 0.4 Earth Magic
 + Level 0.4 Poison Magic
 + Level 0.8 Invocations
 + Level 0.6 Evocations


You had 3 spell levels left.
You didn't know any spells.
Your spell library was empty.

Dungeon Overview and Level Annotations

Branches:
Dungeon (5/15)
 Temple: D:4-7

Altars:

Annotations:
D:3 Robin


Innate Abilities, Weirdness & Mutations

You have very sharp teeth.
Your uncanny sense of smell can sniff out nearby items.
Your experience applies equally to all skills.


Message History

You see here a goblin corpse.
You sense an unholy aura.
m - a +1 dagger of draining (weapon)
The hobgoblin closely misses you.
You see here a +0 club.
You hit the hobgoblin but do no damage. You hit the hobgoblin but do no damage.
You drain the hobgoblin.
The hobgoblin is heavily wounded.
The hobgoblin barely misses you.
You barely miss the hobgoblin.
The hobgoblin is heavily wounded.
You closely miss the hobgoblin.
The hobgoblin is heavily wounded.
The hobgoblin hits you. Robin throws the goblin at you!
The goblin barely misses you. x2
You barely miss the hobgoblin.
The hobgoblin is heavily wounded.
You barely miss the goblin. The hobgoblin closely misses you.
The goblin hits you with a +0 club. x2
You closely miss the goblin. Your bite misses the goblin.
The hobgoblin hits you. The goblin barely misses you.
The goblin hits you with a +0 club.
* * * LOW HITPOINT WARNING * * *
You hit the goblin.
You kill the goblin!
The hobgoblin barely misses you. The goblin barely misses you.
The goblin attacks as you move away! The goblin misses you.
The hobgoblin hits you.
* * * LOW HITPOINT WARNING * * *
Robin throws the goblin at you! The goblin hits you with a +0 dagger.
* * * LOW HITPOINT WARNING * * *
You see here a +0 club.
The goblin barely misses you.
Robin roars a battlecry!
The goblins go into a battle-frenzy!
The goblin attacks as you move away! The goblin barely misses you.
The goblin attacks as you move away! The goblin hits you with a +0 dagger.
* * * LOW HITPOINT WARNING * * *
The hobgoblin attacks as you move away! The hobgoblin hits you.
You die...

#.##.#..............
#
#.#...###..###......
#.#.#.#.# #..# ###..
#.#.#.#.# #..#
#.#.#.#.# #..# ######
#.#.#.#.# #..# #....#
#.#.#.#.# #..# #...!#
#.#.#.#.########....#
#.#.#.#........@g...#
# #.#..#########gg..#
#.##.# #..# #)...#
... #..# #g...# ##.##
#..# #.#### #.# #..#
#g# #.. #..# #†# ###
#..# #g# #....g.#


You could see 3 hobgoblins and 3 goblins.

Vanquished Creatures
  2 adders
  An orc (D:4)
  4 goblins (D:3)
7 creatures vanquished.

Notes
Turn   | Place    | Note
-------+----------+-------------------------------------------
     0 | D:5      | Reached skill level 9 in Stealth
     0 | D:5      | MisterFreud the Gnoll Delver began the quest for the Orb.
     0 | D:5      | Reached XP level 1. HP: 23/23 MP: 1/1
    25 | D:5      | Noticed an orc priest
    45 | D:4      | Reached XP level 2. HP: 29/29 MP: 2/2
   313 | D:3      | Noticed Robin
   316 | D:3      | Reached XP level 3. HP: 23/35 MP: 3/3
   332 | D:3      | Slain by a hobgoblin

Illustrated notes

Levels and vault maps discovered:
D:3:      layout_loops_cross, serial_co_window_serial,
          co_window_of_opportunity_a, co_window_paths_a, co_window_corner_a,
          co_window_corner_a, co_window_paths_a, co_window_corner_b,
          co_window_unsneaky_path_a, co_window_of_opportunity_b,
          co_window_paths_c, co_window_4corner_b, co_window_sun,
          glass_columns_a, serial_shops, shop_coins, uniq_terence, uniq_ijyb,
          uniq_robin
D:4:      layout_basic, good_gods_mini_temple,
          nicolae_gozag_cash_rules_everything_around_me
D:5:      layout_cave_pools, chequers_temple_overflow_minitemple,
          lemuel_tele_altar, minmay_misc_feat_chi, columned_hall_lemuel

Skill      XL: | |
---------------+-+-----
Stealth        | |  9.5
Fighting       | |  6.5
Short Blades   | |  4.5
Long Blades    | |  0.6
Axes           | |  0.6
Maces & Flails | |  0.6
Polearms       | |  0.6
Staves         | |  0.6
Ranged Weapons | |  0.6
Throwing       | |  0.6
Armour         | |  0.6
Dodging        | |  4.5
Shields        | |  0.6
Unarmed Combat | |  0.6
Spellcasting   | |  0.6
Conjurations   | |  0.4
Hexes          | |  0.4
Summonings     | |  0.4
Necromancy     | |  0.4
Translocations | |  0.4
Transmutations | |  0.4
Fire Magic     | |  0.4
Ice Magic      | |  0.4
Air Magic      | |  0.4
Earth Magic    | |  0.4
Poison Magic   | |  0.4
Invocations    | |  0.8
Evocations     | |  0.6

Action                   || total
-------------------------++-------
Melee: Short sword       ||    22
       Bite              ||     2
       Dagger            ||     8
Armor: Leather armour    ||     3
Dodge: Dodged            ||    27
